 Dungeon Crawl Stone Soup version 0.27-a0-46-g34d46f0a3f (webtiles) character file.

Game seed: 4446449057667921275

3862 Descartes the Covert (level 9, -1/38 (39) HPs)
             Began as a Felid Monk on Jan 6, 2021.
             Blown up by Joseph (19 damage)
             ... with a disintegration bolt
             ... on level 9 of the Dungeon.
             The game lasted 00:19:43 (11352 turns).

Descartes the Covert (Felid Monk)                  Turns: 11352, Time: 00:19:44

HP:   -1/38 (39)    AC:  2    Str:  9    XL:     9   Next: 99%
MP:   9/9           EV: 33    Int: 13    God:
Gold: 291           SH:  0    Dex: 25    Spells: 6/8 levels left
                                        Lives: 0   Deaths: 2

rFire    . . .     SeeInvis +     - Unarmed
rCold    + . .     Faith    .   (shield unavailable)
rNeg     . . .     Spirit   .   (armour unavailable)
rPois    .         Reflect  .   (helmet unavailable)
rElec    .         Harm     .   (cloak unavailable)
rCorr    .         Rampage  .   (gloves unavailable)
Will     +....                  (boots unavailable)
Stlth    +++++++...             (no amulet)
HPRegen  0.12/turn              m - +6 ring of dexterity
MPRegen  0.11/turn              C - ring of the Archfiend {rC+ EV+4 Str-3 Int+2}

@: lightly drained, quick
A: very small, no armour, no weapons or thrown items, stealth, claws 1, fangs 3,
see invisible, speed 1, low mp 1, shaggy fur 2, strong 1, sharp paws
a: no special abilities


You were on level 9 of the Dungeon.
You visited 2 branches of the dungeon, and saw 10 of its levels.
You also visited: Sewer.

You collected 499 gold pieces.
You spent 208 gold pieces at shops.

Inventory:

Missiles
 d - 109 stones
 j - 183 arrows
Jewellery
 e - an uncursed ring of wizardry
 m - a +6 ring of dexterity (left paw)
 A - an uncursed ring of resist corrosion
 C - the ring of the Archfiend (right paw) {rC+ EV+4 Str-3 Int+2}
   (You found it on level 7 of the Dungeon)

   [ring of evasion]

   It affects your evasion (+4).
   It affects your strength (-3).
   It affects your intelligence (+2).
   It protects you from cold.
Wands
 a - a wand of polymorph (13)
 w - a wand of enslavement (9)
 D - a wand of flame (15)
 E - a wand of paralysis (6)
 F - a wand of random effects (18)
 G - a wand of iceblast (7)
Scrolls
 b - 5 scrolls of remove curse
 c - a scroll of blinking {unknown}
 g - 3 scrolls of amnesia {unknown}
 h - 2 scrolls of noise {unknown}
 k - a scroll of enchant armour {unknown}
 l - 7 scrolls of teleportation {unknown}
 n - 2 scrolls of immolation {unknown}
 o - 4 scrolls of fog {unknown}
 r - 2 scrolls of enchant weapon {unknown}
 u - 3 scrolls of fear {unknown}
 y - 3 scrolls of magic mapping {unknown}
 H - a scroll of vulnerability {unknown}
Potions
 f - a potion of might
 i - 2 potions of attraction
 p - a potion of cancellation
 q - 5 potions of curing
 s - 6 potions of magic
 t - 3 potions of haste
 v - 2 potions of lignification
 x - 2 potions of heal wounds
 z - a potion of brilliance
 B - a potion of ambrosia
 I - a potion of flight {unknown}


   Skills:
 + Level 4.0 Fighting
 + Level 9.9 Dodging
 * Level 13.8 Stealth
 + Level 7.6 Unarmed Combat
 - Level 2.0 Transmutations
 - Level 5.0 Evocations


You had 6 spell levels left.
You knew the following spells:

 Your Spells              Type           Power        Failure   Level
a - Pain                  Necr           0%           30%         1
b - Sting                 Tmut/Pois      8%           21%         1

Your spell library contained the following spells:

 Spells                   Type           Power        Failure   Level
 Animate Skeleton         Necr           0%           30%         1
 Poisonous Vapours        Pois/Air       0%           43%         2
 Ignite Poison            Fire/Tmut/Pois 1%           58%         3
 Mephitic Cloud           Conj/Pois/Air  0%           67%         3
 Vampiric Draining        Necr           0%           67%         3
 Animate Dead             Necr           0%           97%         4
 Olgreb's Toxic Radiance  Pois           0%           97%         4
 Agony                    Necr           0%           100%        5


Dungeon Overview and Level Annotations

Branches:
Dungeon (9/15)             Temple (1/1) D:7           Sewer (visited)
   Lair: D:8-11         Orc: D:9-12

Altars:
Ashenzari
Cheibriados
Dithmenos
Elyvilon
Fedhas
Gozag
Hepliaklqana
Kikubaaqudgha
Makhleb
Nemelex Xobeh
Okawaru
Qazlal
Ru
Sif Muna
Trog
Uskayaw
Vehumet
Wu Jian
Xom
Yredelemnul
Zin
The Shining One

Shops:
D:7 !

Annotations:
D:9 Joseph


Innate Abilities, Weirdness & Mutations

You cannot wear armour.
You are incapable of wielding weapons or throwing items.
Your paws allow you to move quietly. (Stealth)
You have sharp claws.
You have razor-sharp teeth.
You have supernaturally acute eyesight. (SInv)
You cover ground quickly.
You are covered in thick fur. (AC +2)
Your sharp claws are effective at attacking unaware monsters.
Your magical capacity is low. (-10% MP)
Your muscles are strong. (Str +2)


Message History

The wight is severely damaged.
The wight completely misses you.
Joseph shoots a sling bullet.
The sling bullet completely misses you. The wight completely misses you.
You scratch the wight but do no damage.
The wight is severely damaged.
The wight barely misses you.
The wight hits you with a cursed +4 dire flail of freezing.
You feel drained. The wight freezes you.
Joseph shoots a sling bullet.
The sling bullet closely misses you.
You are too injured to fight recklessly!
You are too injured to fight recklessly!
You are too injured to fight recklessly!
You are too injured to fight recklessly!
You are too injured to fight recklessly!
You are too injured to fight recklessly!
You are too injured to fight recklessly!
You are too injured to fight recklessly!
Joseph zaps a wand.
You are blasted!
Ouch! That really hurt!
You die...

.#######).)..##### #..........
..............................
...............#######........
.<.............# #........
..........>....# ...#........
...............#.....#........
...............#.....#........
##.########....#.....#......l.
#. #..@.#... #......#
#....#'#####......#
#.zz..............#
#z..[.........(...#
#.................#
#....(........g...##
#........@..@.......
#........####+######
#........# #


You could see Joseph and 3 wights.

Vanquished Creatures
  Harold (D:7)
  Erica (D:9)
  Prince Ribbit (D:8)
  Sigmund (D:2)
  3 ice beasts
  2 ogres
  A black bear (D:7)
  A necrophage (D:8)
  5 centaurs
  10 bullfrogs
  A gnoll sergeant (D:8)
  Dowan (D:4)
  A water moccasin skeleton (D:6)
  A killer bee (D:7)
  A howler monkey (D:6)
  A centaur zombie (D:8)
  2 centaur skeletons
  3 hounds
  3 jellies
  5 orc priests
  7 orc wizards
  Jessica (D:2)
  3 iguanas
  8 worker ants
  A worker ant zombie (D:5)
  Robin (D:2)
  4 gnolls (D:8)
  18 adders
  7 river rats
  A shadow imp (D:6)
  2 ufetubi (D:8)
  An ooze (D:1)
  An adder zombie (D:7)
  An adder skeleton (D:8)
  4 worms
  3 dart slugs
  6 leopard geckos
  27 orcs
  9 ball pythons
  8 giant cockroaches
  15 goblins
  14 hobgoblins
  3 jackals (D:9)
  6 kobolds (D:1)
  A quokka (D:5)
  12 bats
  6 frilled lizards
  A jackal skeleton (D:4)
  32 rats
248 creatures vanquished.

Vanquished Creatures (others)
  6 plants (D:1)
6 creatures vanquished.

Grand Total: 254 creatures vanquished

Notes
Turn   | Place    | Note
-------+----------+-------------------------------------------
     0 | D:1      | Descartes the Felid Monk began the quest for the Orb.
     0 | D:1      | Reached XP level 1. HP: 10/10 MP: 2/2
    29 | D:1      | Reached skill level 3 in Stealth
   364 | D:1      | Reached XP level 2. HP: 14/14 MP: 3/3
   694 | D:1      | Reached skill level 4 in Stealth
   735 | D:1      | Reached XP level 3. HP: 14/17 MP: 4/4
   986 | D:1      | Found a glowing golden altar of the Shining One.
  1380 | D:2      | Found an ancient bone altar of Kikubaaqudgha.
  1400 | D:2      | Noticed Jessica
  1409 | D:2      | Killed Jessica
  1410 | D:2      | Reached XP level 4. HP: 21/21 MP: 5/5
  1433 | D:2      | Found a faded altar of an unknown god.
  1641 | D:2      | Reached skill level 5 in Stealth
  1972 | D:2      | Noticed Robin
  2031 | D:2      | Reached skill level 5 in Dodging
  2052 | D:2      | Killed Robin
  2352 | D:2      | Noticed Sigmund
  2664 | D:3      | Reached XP level 5. HP: 19/24 MP: 6/6
  2936 | D:3      | Noticed an ice beast
  3400 | D:3      | Slain by an ice beast
  3401 | D:3      | Reached XP level 4. HP: -3/21 MP: 5/5
  3423 | D:3      | Killed an ice beast
  3424 | D:3      | Reached skill level 6 in Stealth
  3424 | D:3      | Reached XP level 5. HP: 14/24 MP: 6/6
  3619 | D:3      | Found a burning altar of Makhleb.
  3619 | D:3      | Noticed a green death
  3623 | D:3      | Noticed an orange demon
  3623 | D:3      | Noticed an orange demon
  3841 | D:4      | Noticed Duvessa
  3841 | D:4      | Noticed Dowan
  4136 | D:4      | Reached skill level 7 in Stealth
  4458 | D:2      | Killed Sigmund
  4459 | D:2      | Gained mutation: You are covered in thick fur. (AC +2)
                  | [Felid growth]
  4459 | D:2      | Reached XP level 6. HP: 28/28 MP: 7/7
  4817 | D:3      | Found a burning altar of Makhleb.
  5180 | D:4      | Killed Dowan
  5181 | D:4      | Reached skill level 8 in Stealth
  5191 | D:4      | Noticed Duvessa
  5191 | D:4      | Duvessa changed into Duvessa the hound
  5199 | D:4      | Killed Duvessa the hound
  5312 | D:5      | Entered Level 5 of the Dungeon
  5372 | D:5      | Reached XP level 7. HP: 31/31 MP: 8/8
  5783 | D:4      | Reached skill level 5 in Unarmed Combat
  6367 | D:5      | Reached skill level 9 in Stealth
  6784 | D:5      | Reached XP level 8. HP: 32/34 MP: 9/9
  6852 | D:5      | Reached skill level 10 in Stealth
  7381 | D:6      | Learned a level 1 spell: Pain
  7521 | D:6      | Found a glowing drain.
  7525 | Sewer    | Entered a sewer
  8226 | Sewer    | Reached skill level 1 in Evocations
  8280 | Sewer    | Reached skill level 11 in Stealth
  8821 | D:7      | Found Imazuhu's Distillery.
  8862 | D:7      | Bought a potion of ambrosia for 104 gold pieces
  8862 | D:7      | Bought a potion of mutation for 104 gold pieces
  8862 | D:7      | Gained mutation: You are weak. (Str -2) [potion of
                  | mutation]
  8862 | D:7      | Gained mutation: Your magical capacity is low. (-10% MP)
                  | [potion of mutation]
  8862 | D:7      | Lost mutation: You are weak. (Str -2) [potion of mutation]
  8862 | D:7      | Gained mutation: Your muscles are strong. (Str +2) [potion
                  | of mutation]
  9161 | D:7      | Reached XP level 9. HP: 28/37 MP: 9/9
  9232 | D:7      | Got a bound copper ring
  9234 | D:7      | Identified the ring of the Archfiend {rC+ EV+4 Str-3 Int+2}
                  | (You found it on level 7 of the Dungeon)
  9262 | D:7      | Noticed Harold
  9292 | D:7      | Mangled by Harold
  9293 | D:7      | Reached XP level 8. HP: -8/34 MP: 8/8
  9326 | D:7      | Killed Harold
  9327 | D:7      | Reached skill level 12 in Stealth
  9669 | D:7      | Found a staircase to the Ecumenical Temple.
  9679 | Temple   | Entered the Ecumenical Temple
  9893 | D:7      | Found a shimmering blue altar of Sif Muna.
  9914 | D:7      | Reached XP level 9. HP: 37/37 MP: 9/9
 10011 | D:7      | Learned a level 1 spell: Sting
 10122 | D:8      | Reached skill level 1 in Transmutations
 10230 | D:8      | Reached skill level 13 in Stealth
 10278 | D:8      | Noticed Prince Ribbit
 10283 | D:8      | Killed Prince Ribbit
 10513 | D:8      | Found a shimmering blue altar of Sif Muna.
 10838 | D:9      | Noticed Erica
 10840 | D:9      | Killed Erica
 10921 | D:9      | Noticed Joseph
 11254 | D:9      | Reached skill level 5 in Evocations
 11352 | D:9      | Blown up by Joseph

Illustrated notes

Levels and vault maps discovered:
D:1:      roderic_crop_circles_arrival_small, layout_loops_ring, tso_altar
D:2:      layout_basic, nicolae_overflow_crystal_walls,
          chequers_ecumenical_altar_twisty, uniq_sigmund, uniq_robin,
          uniq_jessica
D:3:      layout_loops_ring, makhleb_altar_promises_db
D:4:      layout_loops_ring, uniq_duvessa
D:5:      layout_rooms, chequers_serial_rivers_large_a
D:6:      layout_loops_ring, lightli_sewer_entry_pipes
D:7:      layout_basic, minmay_temple_entry_overgrown, serial_shops, shop,
          basic_altar, kennysheep_generic_room_14, uniq_harold
D:8:      layout_basic, basic_altar, uniq_prince_ribbit1
D:9:      layout_irregular_city, orc_0_dummy, uniq_joseph, uniq_erica
Temple:   regret_index_temple_chain_breaker

Skill      XL: |  1  2  3  4  5  6  7  8  9 |
---------------+----------------------------+-----
Stealth        | 3 4 6 7 8 9 12 13 | 13.8
Dodging        | 5 6 7 9 |  9.9
Unarmed Combat | 4 5 7 |  7.6
Evocations     | 3 5 |  5.0
Transmutations | 2 |  2.0
Fighting       | 4 |  4.0

Action                   |  1- 3 |  4- 6 |  7- 9 || total
-------------------------+-------+-------+-------++-------
Melee: Unarmed           |    84 |   146 |   528 ||   758
       Bite              |     9 |    10 |    57 ||    76
       Punch             |     2 |     3 |    21 ||    26
Evoke: Wand              |       |     1 |       ||     1
  Use: Potion            |       |     2 |     4 ||     6
       Scroll            |       |       |     8 ||     8
 Stab: Sleeping          |    21 |    20 |    51 ||    92
       Distracted        |       |     1 |       ||     1
       Invisible         |       |       |     5 ||     5
Armor: Skin              |     1 |     5 |    21 ||    27
Dodge: Dodged            |    46 |   126 |   550 ||   722

Table legend: (Time is in decaauts)
 A = Elapsed time spent in this place.
 B = Non-inter-level travel time spent in this place.
 C = Inter-level travel time spent in this place.
 D = Time resting spent in this place.
 E = Time spent auto-exploring this place.
 F = Levels seen in this place.
 G = Mean time per level.
                   A        B        C        D        E       F      G
               +--------+--------+--------+--------+--------+-----+--------+
         Total |  10117 |   9698 |    419 |    199 |   7699 |  11 |  919.7 |
       Dungeon |   9184 |   8777 |    407 |      0 |   7296 |   9 | 1020.4 |
        Temple |    109 |     97 |     12 |      0 |     95 |   1 |  109.0 |
         Sewer |    823 |    823 |      0 |    199 |    307 |   1 |  823.0 |
               +--------+--------+--------+--------+--------+-----+--------+

Top non-repeatable levels by time:
     D:4: 1483 daAuts
     D:1: 1378 daAuts
     D:2: 1301 daAuts
     D:3: 1284 daAuts
     D:7: 984 daAuts
     D:6: 859 daAuts
   Sewer: 823 daAuts
     D:5: 759 daAuts
     D:8: 665 daAuts
     D:9: 467 daAuts
  Temple: 109 daAuts
